 Dungeon Crawl Stone Soup version 0.26-a0-958-gf3041fb45f (webtiles) character file.

Game seed: 159602919727343807

4 Riddle the Covert (level 1, -1/23 HPs)
             Began as a Gnoll Delver on Dec 1, 2020.
             Slain by a wight
             ... wielding a cursed +3 halberd
              (5 damage)
             ... in an ossuary.
             The game lasted 00:00:38 (234 turns).

Riddle the Covert (Gnoll Delver)                     Turns: 234, Time: 00:00:40

Health: -1/23      AC:  3    Str: 14    XL:     1   Next: 70%
Magic:  1/1        EV: 14    Int: 12    God:
Gold:   0          SH:  0    Dex: 16    Spells: 0/0 levels left

rFire    . . .     SeeInvis .   a - +0 hand axe
rCold    . . .     Faith    .   (no shield)
rNeg     . . .     Spirit   .   b - +0 leather armour
rPois    .         Reflect  .   (no helmet)
rElec    .         Harm     .   (no cloak)
rCorr    .         Rampage  .   (no gloves)
MR       .....                  (no boots)
Stlth    ++++......             (no amulet)
HPRegen  0.07/turn              (no ring)
MPRegen  0.07/turn              (no ring)

@: drained
A: distributed training, fangs 1, strong nose
a: no special abilities


You were in an ossuary.
You visited 1 branch of the dungeon, and saw 1 of its levels.
You also visited: Ossuary.

Inventory:

Hand Weapons
 a - a +0 hand axe (weapon)
Armour
 b - a +0 leather armour (worn)
Wands
 g - a wand of digging (3)
Scrolls
 c - a scroll of fog
 d - a scroll of magic mapping
 e - a scroll of fear
Potions
 f - a potion of haste


   Skills:
 + Level 6.4(5.7) Fighting
 + Level 0.1(0.0) Short Blades
 + Level 0.1(0.0) Long Blades
 + Level 4.4(3.8) Axes
 + Level 0.1(0.0) Maces & Flails
 + Level 0.1(0.0) Polearms
 + Level 0.1(0.0) Staves
 + Level 0.1(0.0) Slings
 + Level 0.1(0.0) Bows
 + Level 0.1(0.0) Crossbows
 + Level 0.1(0.0) Throwing
 + Level 0.1(0.0) Armour
 + Level 4.4(3.8) Dodging
 + Level 9.5(8.7) Stealth
 + Level 0.1(0.0) Shields
 + Level 0.1(0.0) Unarmed Combat
 + Level 0.1(0.0) Spellcasting
 + Level 0.1(0.0) Conjurations
 + Level 0.1(0.0) Hexes
 + Level 0.1(0.0) Summonings
 + Level 0.1(0.0) Necromancy
 + Level 0.1(0.0) Translocations
 + Level 0.1(0.0) Transmutations
 + Level 0.1(0.0) Fire Magic
 + Level 0.1(0.0) Ice Magic
 + Level 0.1(0.0) Air Magic
 + Level 0.1(0.0) Earth Magic
 + Level 0.1(0.0) Poison Magic
 + Level 0.2(0.0) Invocations
 + Level 0.1(0.0) Evocations


You couldn't memorise any spells.
You didn't know any spells.
Your spell library was empty.

Dungeon Overview and Level Annotations

Branches:
Dungeon (5/15)            Ossuary (1/1)
 Temple: D:4-7

Altars:
Sif Muna


Innate Abilities, Weirdness & Mutations

Your experience applies equally to all skills.
You have very sharp teeth.
Your uncanny sense of smell can sniff out nearby items.


Message History

The wight hits you with a cursed +3 halberd.
You feel drained.
You hit the wight but do no damage.
The wight is lightly damaged.
The wight hits you with a cursed +3 halberd.
You hit the wight but do no damage.
The wight is lightly damaged.
The wight hits you but does no damage.
You slash the wight!
The wight is heavily damaged.
The wight closely misses you.
You hit the wight.
The wight is severely damaged.
You hit the wight.
The wight is severely damaged.
The wight hits you with a cursed +3 halberd!
Ouch! That really hurt!
* * * LOW HITPOINT WARNING * * *
You feel drained.
You die...

#.# +.+ #.# +.+ #.#
+.+ ###.### #z@.'.#
###'### ##...## #
##.....#### ###
##.......#.# ######..
##..........###...#...
#............#.###....
#..........#..## ##...
#..#.#....##### ##..


You could see a wight.

Vanquished Creatures
  An adder zombie (D:5)
  An orc skeleton (Ossuary)
2 creatures vanquished.

Notes
Turn   | Place    | Note
-------+----------+-------------------------------------------
     0 | D:5      | Reached skill level 9 in Stealth
     0 | D:5      | Riddle the Gnoll Delver began the quest for the Orb.
     0 | D:5      | Reached XP level 1. HP: 23/23 MP: 1/1
     5 | D:5      | Found a shimmering blue altar of Sif Muna.
   152 | D:5      | Found a sand-covered staircase.
   187 | Ossuary  | Entered an ossuary
   227 | Ossuary  | Noticed a wight
   234 | Ossuary  | Slain by a wight

Illustrated notes

Levels and vault maps discovered:
D:5:      layout_loops_ring, nicolae_overflow_crystal_walls, lemuel_round_altar,
          enter_ossuary_1, kennysheep_generic_room_5
Ossuary:  ossuary_due_cavern

Skill      XL: | |
---------------+-+-----
Stealth        | |  9.5
Fighting       | |  6.4
Short Blades   | |  0.1
Long Blades    | |  0.1
Axes           | |  4.4
Maces & Flails | |  0.1
Polearms       | |  0.1
Staves         | |  0.1
Slings         | |  0.1
Bows           | |  0.1
Crossbows      | |  0.1
Throwing       | |  0.1
Armour         | |  0.1
Dodging        | |  4.4
Shields        | |  0.1
Unarmed Combat | |  0.1
Spellcasting   | |  0.1
Conjurations   | |  0.1
Hexes          | |  0.1
Summonings     | |  0.1
Necromancy     | |  0.1
Translocations | |  0.1
Transmutations | |  0.1
Fire Magic     | |  0.1
Ice Magic      | |  0.1
Air Magic      | |  0.1
Earth Magic    | |  0.1
Poison Magic   | |  0.1
Invocations    | |  0.2
Evocations     | |  0.1

Action                   || total
-------------------------++-------
Melee: Hand axe          ||    19
       Bite              ||     2
  Use: Scroll            ||     1
 Stab: Sleeping          ||     2
Armor: Leather armour    ||     3
Dodge: Dodged            ||     5

Table legend: (Time is in decaauts)
 A = Elapsed time spent in this place.
 B = Non-inter-level travel time spent in this place.
 C = Inter-level travel time spent in this place.
 D = Time resting spent in this place.
 E = Time spent auto-exploring this place.
 F = Levels seen in this place.
 G = Mean time per level.
                   A        B        C        D        E       F      G
               +--------+--------+--------+--------+--------+-----+--------+
         Total |    235 |    220 |     15 |    139 |     32 |   2 |  117.5 |
       Dungeon |    187 |    172 |     15 |    139 |      0 |   1 |  187.0 |
       Ossuary |     47 |     47 |      0 |      0 |     32 |   1 |   47.0 |
               +--------+--------+--------+--------+--------+-----+--------+

Top non-repeatable levels by time:
     D:5: 187 daAuts
 Ossuary: 47 daAuts
